 Dungeon Crawl Stone Soup version 0.30-a0-46-g5a63ccc183 (webtiles) character file.

Game seed: 10684243838061413466

167 LnG the Chopper (level 5, -2/47 HPs)
             Began as a Hill Orc Fighter on Sept 1, 2022.
             Slain by an ogre
             ... wielding a +0 giant club
              (32 damage)
             ... on level 4 of the Dungeon.
             The game lasted 00:09:47 (3205 turns).

LnG the Chopper (Hill Orc Fighter)                  Turns: 3205, Time: 00:09:48

Health: -2/47      AC:  7    Str: 21    XL:     5   Next: 48%
Magic:  5/5        EV:  9    Int:  8    God:
Gold:   95         SH:  4    Dex: 10    Spells: 4/4 levels left

rFire   + . .      SeeInvis .    a - +0 war axe
rCold   . . .      Faith    .    c - +0 buckler
rNeg    . . .      Spirit   .    b - +0 scale mail
rPois   .          Reflect  .    (no helmet)
rElec   .          Harm     .    (no cloak)
rCorr   .          Rampage  .    (no gloves)
Will    .....                    (no boots)
Stlth   ..........               (no amulet)
HPRegen 0.15/turn                i - ring of protection from fire
MPRegen 0.09/turn                (no ring)

@: no status effects
A: no striking features
a: no special abilities


You were on level 4 of the Dungeon.
You visited 1 branch of the dungeon, and saw 4 of its levels.

You collected 95 gold pieces.

Inventory:

Hand Weapons
 a - a +0 war axe (weapon)
Armour
 b - a +0 scale mail (worn)
 c - a +0 buckler (worn)
Jewellery
 i - a ring of protection from fire (left hand)
Wands
 l - a wand of mindburst (13)
Scrolls
 e - 3 scrolls of poison
 g - a scroll of silence {unknown}
 m - a scroll of noise {unknown}
Potions
 d - 4 potions of might
 f - a potion of brilliance
 h - a potion of flight
 k - a potion of heal wounds


   Skills:
 + Level 4.4 Fighting
 + Level 4.8 Axes
 + Level 4.5 Armour
 + Level 0.8 Dodging
 + Level 3.6 Shields


You had 4 spell levels left.
You didn't know any spells.
Your spell library contained the following spells:

 Spells                   Type           Power      Damage    Failure   Level
 Necrotise                Necr           0%         1d4       83%         1
 Vampiric Draining        Necr           0%         2d6       99%         3
 Agony                    Necr           0%         N/A       100%        5


Dungeon Overview and Level Annotations

Branches:
Dungeon (4/15)
 Temple: D:4-7

Altars:
Cheibriados
Dithmenos
Vehumet
Wu Jian
Yredelemnul

Annotations:
D:4 3 runed translucent doors, ytrimaz's ghost, novice OpTm


Message History

There is a stone staircase leading up here.
An iguana comes into view.
The iguana hisses angrily.
The iguana bites you but does no damage.
You slash the iguana!
The iguana is severely wounded.
The iguana bites you but does no damage.
You slash the iguana!
You kill the iguana!
No target in view!
No target in view!
You see here an iguana corpse.
Found a book of Scorching.
Found a runed translucent gate.
Found three items.
Ytrimaz's ghost turns its malevolent gaze towards you.
Ytrimaz's ghost wails, "They lied to you.
The Dungeon just goes down and down forever."
Found a scroll of identify.
Ytrimaz's ghost whispers, "Death is liberation."
An ogre comes into view. It is wielding a +0 giant club.
The ogre shouts!
Ytrimaz's ghost says, "I practised a lot since I died."
You see here a scroll of identify.
A hound comes into view.
The hound barks!
You slash the ogre!
The ogre is heavily wounded.
You block the ogre's attack.
You hit the ogre.
The ogre is severely wounded.
The ogre hits you with a +0 giant club! The hound barely misses you.
You hit the ogre but do no damage.
The ogre is severely wounded.
You slash the hound! The hound barely misses you. The ogre closely misses you.
The hound bites you.
You hit the ogre.
The ogre is almost dead.
You slash the hound!
The hound bites you but does no damage. x2
The ogre hits you with a +0 giant club!!
Ouch! That really hurt!
You die...

#.# .. .# #.# ###
#.. ##..## #.##
###....##
#..###.......#..
##.......h......
##..#..?.@O......
#.†###+++###.....
##..#...ZWZZ# ...
##..###.....## .
##..###..?....#
##..## ##.$:..##
#..## ..#.#..
##.#### #########
###.....##


You could see an ogre, a hound, ytrimaz's ghost, a howler monkey zombie, a
bullfrog skeleton and a howler monkey skeleton.

Vanquished Creatures
  An iguana (D:4)
  7 adders
  A worm (D:3)
  An orc (D:3)
  5 bats
  3 endoplasms (D:1)
  5 giant cockroaches
  6 goblins
  5 hobgoblins
  10 jackals
  6 quokkas
  10 ball pythons
  4 frilled lizards
  3 kobolds
  6 rats
73 creatures vanquished.

Notes
Turn   | Place    | Note
-------+----------+-------------------------------------------
     0 | D:1      | LnG the Hill Orc Fighter began the quest for the Orb.
     0 | D:1      | Reached XP level 1. HP: 19/19 MP: 1/1
    59 | D:1      | Reached XP level 2. HP: 27/27 MP: 2/2
   383 | D:1      | Reached XP level 3. HP: 33/33 MP: 3/3
   613 | D:1      | Found a faded altar of an unknown god.
  1069 | D:2      | Reached XP level 4. HP: 40/40 MP: 4/4
  2532 | D:3      | Found a shadowy altar of Dithmenos.
  2619 | D:3      | Reached XP level 5. HP: 45/47 MP: 5/5
  2804 | D:3      | Found a radiant altar of Vehumet.
  2804 | D:3      | Found an ornate altar of the Wu Jian Council.
  2806 | D:3      | Found a snail-covered altar of Cheibriados.
  2806 | D:3      | Found a basalt altar of Yredelemnul.
  3192 | D:4      | Found a runed translucent gate.
  3192 | D:4      | Found a runed translucent gate.
  3192 | D:4      | Found a runed translucent gate.
  3193 | D:4      | Noticed ytrimaz's ghost (novice OpTm)
  3198 | D:4      | Noticed an ogre
  3205 | D:4      | Slain by an ogre

Illustrated notes

Levels and vault maps discovered:
D:1:      lightli_arrival_flooded_house, layout_rooms,
          hellmonk_ecumenical_altar_leap_of_faith, grunt_decor_arrowhead,
          minivault_14, st_stairs_7
D:2:      layout_basic
D:3:      layout_basic, nicolae_dithmenos_through_a_glass_darkly,
          mainiacjoe_overflow_alcove_3
D:4:      layout_cave_pods, mainiacjoe_overflow_boulevard,
          nicolae_overflow_crystal_walls, gammafunk_ghost_necromancy,
          serial_bayou_pond_d, uniq_ijyb

Skill      XL: |  1  2  3  4 |
---------------+-------------+-----
Fighting       | 4 |  4.4
Axes           | 3 4 |  4.8
Armour         | 4 |  4.5
Dodging        | |  0.8
Shields        | |  3.6

Action                   |  1- 3 |  4- 6 || total
-------------------------+-------+-------++-------
Melee: War axe           |    97 |    99 ||   196
  Use: Scroll            |     1 |     6 ||     7
Armor: Scale mail        |    46 |    45 ||    91
Dodge: Dodged            |    56 |    55 ||   111
Block: Buckler           |    26 |    17 ||    43

Table legend: (Time is in decaauts)
 A = Elapsed time spent in this place.
 B = Non-inter-level travel time spent in this place.
 C = Inter-level travel time spent in this place.
 D = Time resting spent in this place.
 E = Time spent auto-exploring this place.
 F = Levels seen in this place.
 G = Mean time per level.
                   A        B        C        D        E       F      G
               +--------+--------+--------+--------+--------+-----+--------+
         Total |   3277 |   3099 |    178 |    535 |   1456 |   4 |  819.2 |
       Dungeon |   3277 |   3099 |    178 |    535 |   1456 |   4 |  819.2 |
               +--------+--------+--------+--------+--------+-----+--------+

Top non-repeatable levels by time:
     D:3: 1210 daAuts
     D:2: 1203 daAuts
     D:1: 806 daAuts
     D:4: 56 daAuts
